Map: Prion Terraces

Players

Taeja - Winner!

  • Race: Zerg Zerg

MorN

  • Race: Terran Terran
  • League: Master

VOD

Have the link to the VOD?

Description

Time

  • Played on: Nov. 17, 2015, 7:26 p.m.
  • Length: 12:37
Show
View Real Time Build Order
Export as new Build Order

Taeja Zerg - Winner!

Build Orders: Hatch First 

Get SALT Encoding   

  12  0:01  Drone  
  13  0:13  Overlord  
  13  0:21  Drone  
  14  0:32  Drone x2  
  16  0:35  Drone  
  17  0:46  Drone  
  18  1:01  Hatchery, Extractor  
  16  1:12  Spawning Pool  
  16  1:15  Drone  
  16  1:18  Drone  
  17  1:22  Drone  
  18  1:29  Drone  
  19  1:40  Overlord  
  19  1:58  Queen  
  19  1:59  Zergling x2  
  22  2:05  Zergling x2  
  23  2:12  Roach Warren  
  22  2:21  Queen  
  24  2:35  Zergling x2  
  24  2:48  Overlord  
  24  2:52  Roach  
  24  2:53  Roach x4  
  34  3:02  Drone  
  34  3:05  Drone  
  34  3:09  Drone x3  
  37  3:23  Overlord x2  
  37  3:25  Drone x2  
  39  3:28  Extractor  
  39  3:29  Extractor  
  37  3:34  Drone  
  37  3:35  Drone  
  38  3:41  Drone x2  
  38  3:42  Drone  
  38  3:44  Drone x2  
  43  3:55  Lair  
  43  4:10  Hatchery, Drone  
  43  4:13  Drone  
  38  4:18  Drone x2  
  38  4:24  Drone x2  
  42  4:28  Drone x2  
  42  4:30  Drone  
  45  4:36  Queen  
  47  4:39  Drone  
  47  4:41  Drone  
  49  4:46  Extractor  
  49  4:50  Evolution Chamber x2  
  46  4:53  Glial Reconstitution  
  46  4:58  Roach x2  
  50  5:00  Roach  
  50  5:05  Spore Crawler  
  50  5:06  Roach  
  53  5:09  Roach  
  53  5:11  Roach  
  57  5:17  Roach  
  59  5:22  Drone x4  
  59  5:24  Drone  
  59  5:27  Overlord  
  64  5:30  Drone  
  64  5:31  Overlord  
  63  5:39  Spore Crawler  
  60  5:51  Drone x5  
  60  5:52  Drone x2, Spore Crawler  
  60  5:56  Drone  
  60  5:57  Drone  
  68  6:03  Ravager x3  
  68  6:04  Ravager x5  
  76  6:06  Roach  
  78  6:15  Zerg Missile Weapons Level 1  
  78  6:16  Zerg Ground Armor Level 1  
  77  6:22  Roach x2  
  77  6:23  Roach  
  82  6:30  Overlord x3  
  82  6:33  Extractor  
  82  6:37  Drone  
  82  6:44  Overlord x2  
  82  6:49  Roach x4  
  82  6:53  Roach x3  
  87  6:57  Roach  
  87  6:58  Roach  
  87  7:00  Roach  
  93  7:03  Roach  
  93  7:04  Roach  
  93  7:07  Roach  
  97  7:09  Roach  
  97  7:14  Roach x2  
  100  7:17  Roach  
  100  7:21  Roach x2  
  100  7:22  Roach  
  108  7:25  Roach  
  103  7:38  Roach  
  103  7:40  Roach x2  
  103  7:42  Roach  
  103  7:43  Roach  
  105  7:47  Roach x2  
  106  7:56  Roach  
  104  7:59  Roach  
  104  8:04  Roach  
  102  8:16  Roach x4  
  102  8:17  Overlord  
  102  8:18  Overlord x3  
  104  8:20  Roach  
  104  8:23  Roach x2  
  104  8:26  Roach x3  
  106  8:27  Roach  
  106  8:30  Ravager x5  
  95  8:45  Zerg Missile Weapons Level 2  
  95  8:50  Overlord  
  95  8:52  Roach  
  95  8:53  Roach x2  
  95  8:55  Drone  
  102  8:57  Drone  
  102  8:58  Drone  
  102  9:01  Hatchery  
  103  9:05  Zerg Ground Armor Level 2  
  103  9:09  Drone  
  104  9:14  Drone  
  104  9:15  Drone x3  
  108  9:26  Roach x2  
  108  9:27  Spire  
  104  9:46  Extractor  
  104  9:49  Drone x7  
  104  9:50  Drone x2  
  104  10:02  Roach x7  
  104  10:06  Roach x3  
  116  10:11  Roach  
  113  10:15  Extractor  
  113  10:20  Queen  
  113  10:21  Extractor  
  111  10:38  Corruptor x6  
  111  10:40  Roach x2  
  111  10:42  Roach  
  127  10:46  Roach  
  127  10:47  Roach x2  
  123  10:50  Roach x2  
  123  10:54  Roach x2  
  123  10:55  Roach  
  131  10:58  Roach  
  131  11:00  Roach  
  131  11:03  Roach x2  
  131  11:05  Roach  
  131  11:08  Roach x2  
  132  11:11  Roach x2  
  132  11:17  Roach x3  
  128  11:21  Roach  
  128  11:22  Roach  
  128  11:25  Roach  
  130  11:26  Roach  
  130  11:28  Roach  
  130  11:29  Roach  
  136  11:35  Roach x4  
  136  11:37  Roach  
  136  11:39  Roach  
  138  11:46  Ravager x3  
  138  11:47  Ravager x3  
  140  11:48  Roach  
  130  11:55  Drone x3  
  130  11:56  Drone x4  
  130  11:59  Roach  
  129  12:01  Roach x2  
  131  12:10  Roach x3  
  131  12:11  Roach  
  131  12:12  Roach  
  131  12:15  Roach  
  125  12:17  Roach  
Show
View Real Time Build Order
Export as new Build Order

MorN Terran 

Build Orders: Liberator Opening, Reaper Expand, MMM Bio 

Get SALT Encoding   

  12  0:01  SCV  
  13  0:13  SCV  
  14  0:18  Supply Depot  
  14  0:25  SCV  
  15  0:40  SCV  
  15  0:41  Barracks  
  16  0:46  Refinery  
  16  0:53  SCV  
  17  1:05  SCV  
  18  1:17  SCV  
  19  1:30  Reaper, Orbital Command  
  20  1:42  Command Center  
  20  1:51  Supply Depot  
  20  1:57  SCV  
  21  2:02  Reaper  
  22  2:09  SCV  
  23  2:35  Factory  
  23  2:37  SCV  
  24  2:44  Command Center  
  24  2:49  SCV  
  24  2:50  Barracks Reactor  
  24  2:51  Refinery  
  25  3:07  Orbital Command  
  25  3:08  SCV  
  26  3:20  SCV  
  27  3:29  Starport  
  27  3:32  Barracks Tech Lab  
  27  3:33  SCV x2, Bunker  
  29  3:36  Widow Mine x2  
  33  3:45  SCV  
  33  3:46  SCV  
  35  3:50  Supply Depot  
  35  3:54  Marauder  
  37  3:57  Liberator  
  37  3:58  SCV, Orbital Command  
  35  4:15  SCV  
  39  4:17  Marauder  
  39  4:19  Hellion  
  39  4:21  SCV  
  44  4:27  SCV  
  45  4:31  SCV  
  45  4:33  SCV  
  47  4:40  SCV, Bunker  
  47  4:41  Stimpack  
  47  4:42  Hellion  
  47  4:43  Liberator  
  47  4:45  SCV  
  51  4:49  SCV  
  52  4:55  SCV  
  52  4:56  Marine  
  52  4:57  SCV  
  55  5:01  SCV  
  55  5:07  SCV  
  60  5:08  Hellion x2  
  64  5:45  Factory Reactor  
  64  5:46  Barracks  
  62  6:08  Marauder  
  62  6:11  SCV  
  65  6:12  Barracks  
  65  6:13  Refinery x2, Engineering Bay  
  65  6:14  Starport Reactor  
  65  6:15  SCV, Engineering Bay  
  65  6:18  Barracks x2  
  62  6:32  SCV x2  
  61  6:36  Supply Depot  
  61  6:37  Marine x3  
  64  6:40  Widow Mine x2  
  64  6:41  SCV  
  64  6:43  Combat Shields  
  69  6:47  Terran Infantry Weapons Level 1, Terran Infantry Armor Level 1, Supply Depot  
  69  6:55  SCV  
  65  7:01  Marine x2  
  65  7:02  Marauder, Marine  
  65  7:04  Medivac x2  
  65  7:08  Marine x2  
  69  7:19  Marine x3  
  67  7:23  Marine  
  67  7:25  Marine x2  
  65  7:34  Medivac x2  
  65  7:37  Marine x2  
  65  7:41  Marine x2  
  62  7:44  Marine  
  62  7:45  Marine  
  60  7:55  Marine x2  
  53  7:59  Marauder  
  53  8:02  Marine x3  
  52  8:13  Marine x2  
  52  8:19  Orbital Command  
  50  8:20  Marauder, Marine x3  
  55  8:30  Marine  
  55  8:31  Marine  
  56  8:38  Marine x3  
  57  8:42  SCV, Marauder  
  57  8:46  SCV  
  61  8:48  Marine x2  
  63  8:58  Barracks Reactor  
  63  8:59  SCV  
  63  9:02  SCV x2  
  67  9:03  Marauder  
  67  9:08  Marine  
  67  9:09  Barracks Reactor  
  69  9:10  Barracks Tech Lab  
  69  9:18  Supply Depot, Medivac x2, SCV x2, Marine  
  69  9:22  SCV  
  77  9:29  Marauder, Marine  
  77  9:30  SCV  
  74  9:34  Marine x2  
  74  9:35  Marine x2  
  74  9:40  Armory  
  74  9:44  SCV x3  
  77  9:46  Widow Mine x2, Marine x2  
  77  9:47  Marine  
  77  9:52  Marine  
  85  9:54  Supply Depot  
  85  9:55  Supply Depot  
  85  9:57  Marine  
  85  9:58  Marine  
  85  9:59  SCV  
  84  10:11  Marauder  
  84  10:13  Concussive Shells, Orbital Command  
  85  10:16  Marauder, Marine x2  
  85  10:18  Marine x2  
  85  10:21  SCV x2  
  93  10:23  Supply Depot, Widow Mine x2  
  97  10:32  Marauder  
  97  10:33  SCV  
  97  10:35  Marine  
  101  10:45  Marauder  
  101  10:49  Marine x2  
  96  10:54  Marauder  
  96  10:57  Marine x3  
  95  11:06  Marauder, Marine  
  95  11:08  Marine x2  
  96  11:14  Marine  
  96  11:15  Marine, Marauder  
  93  11:20  Marine  
  93  11:22  SCV x2  
  93  11:24  Marine  
  93  11:26  Marine  
  93  11:28  Marine, Marauder  
  93  11:32  Marine  
  97  11:34  Marine  
  97  11:37  Marauder  
  97  11:38  Marine  
  92  11:41  Marine  
  92  11:44  Marine  
  92  11:45  Barracks, Marine  
  92  11:46  Barracks  
  95  11:48  Barracks  
  95  11:49  Marauder  
  95  11:50  Marine  
  95  11:52  Marine  
  98  11:56  Marine  
  98  11:58  Marauder  
  98  11:59  Marine  
  97  12:02  Marine  
  97  12:03  Marine  
  90  12:10  Marauder  
  83  12:15  Marine  
  83  12:16  Marine  
Tags
 
Add a new tag
Caveats
  • Supply blocks, unpowered buildings, or Contaminate may cause inaccurate times.
  • Supply counts are checked every 10 seconds.